 Dungeon Crawl Stone Soup version 0.26.1-15-g04117e645d (webtiles) character file.

Game seed: 164599037621267869

48 jifgo the Shield-Bearer (level 3, 0/34 HPs)
             Began as a Deep Dwarf Fighter on June 6, 2022.
             Was an Initiate of Ru.
             Slain by a sky beast (4 damage)
             ... on level 2 of the Dungeon.
             The game lasted 00:04:05 (1351 turns).

jifgo the Shield-Bearer (Deep Dwarf Fighter)        Turns: 1351, Time: 00:04:06

Health: 0/34       AC:  9    Str: 20    XL:     3   Next: 50%
Magic:  3/3        EV:  7    Int:  8    God:    Ru [......]
Gold:   107        SH:  9    Dex: 12    Spells: 2/2 levels left

rFire    . . .     SeeInvis .   a - +0 war axe
rCold    . . .     Faith    .   c - +0 kite shield
rNeg     . . .     Spirit   .   b - +0 scale mail
rPois    .         Reflect  .   (no helmet)
rElec    .         Harm     .   l - +0 cloak
rCorr    .         Rampage  .   (no gloves)
Will     .....                  q - +0 pair of boots
Stlth    ..........             (no amulet)
HPRegen  0.00/turn              (no ring)
MPRegen  0.08/turn              (no ring)

@: non-regenerating
A: damage resistance, heal wounds, sense surroundings 1, no regeneration
a: Heal Wounds, Renounce Religion


You were on level 2 of the Dungeon.
You worshipped Ru.
Ru was noncommittal.
You visited 1 branch of the dungeon, and saw 2 of its levels.

You collected 107 gold pieces.

Inventory:

Hand Weapons
 a - a +0 war axe (weapon)
Missiles
 g - 30 bolts
 h - 17 stones (quivered)
Armour
 b - a +0 scale mail (worn)
 c - a +0 kite shield (worn)
 l - a +0 cloak (worn)
 q - a +0 pair of boots (worn)
Jewellery
 p - an uncursed ring of resist corrosion {unknown}
 u - an uncursed ring of fire {unknown}
Scrolls
 e - 4 scrolls of identify {unknown}
 f - a scroll of fear {unknown}
 i - a scroll of fog {unknown}
 j - a scroll of enchant armour {unknown}
 m - a scroll of noise {unknown}
 s - a scroll of amnesia {unknown}
 t - a scroll of enchant weapon {unknown}
Potions
 d - 2 potions of might
 k - a potion of ambrosia {unknown}
 n - 2 potions of lignification {unknown}
 o - a potion of attraction {unknown}
 r - a potion of flight {unknown}


   Skills:
 + Level 3.0 Fighting
 + Level 2.7 Axes
 + Level 0.8 Throwing
 + Level 3.7 Armour
 + Level 3.8 Shields


You had 2 spell levels left.
You didn't know any spells.
Your spell library was empty.

Dungeon Overview and Level Annotations

Branches:
Dungeon (2/15)

Altars:
Fedhas
Ru


Innate Abilities, Weirdness & Mutations

You are resistant to damage.
You can heal yourself by infusing magical energy.
You passively map a small area around you.
You do not regenerate.


Message History

You miss something. Something hits you but does no damage. Something hits you.
Something shocks you.
* * * LOW HITPOINT WARNING * * *
You closely miss something. Something hits you but does no damage.
You miss something.
Something hits you but does no damage. x2
You barely miss something. Something hits you but does no damage.
You barely miss something.
A sky beast appears from thin air!
Reactivating autopickup.
The sky beast hits you but does no damage.
You slash the sky beast!
The sky beast is moderately wounded.
The sky beast hits you.
* * * LOW HITPOINT WARNING * * *
The sky beast shocks you.
* * * LOW HITPOINT WARNING * * *
The sky beast flickers out of sight!
Deactivating autopickup; reactivate with Ctrl-A.
You block something's attack.
You barely miss something. Something hits you. Something shocks you.
You die...

≈≈≈≈≈≈≈≈≈......#......#
≈≈≈≈≈≈≈≈≈≈.....#†######
≈≈≈PP.≈≈≈≈.....#.#
≈≈.....≈≈≈≈....#(#
≈≈>._P<≈≈≈≈...##.#
≈≈..♣P.≈≈≈≈...##.#
≈≈≈P..≈≈≈≈.....#.####
≈≈≈≈≈≈≈≈≈≈.###.#{...#
≈≈≈≈≈≈≈≈≈..# #..@##.#
.≈≈≈≈≈≈≈..## ##..##.#
..†≈≈≈...## #.>.#.#
.#.....#.# #####.##.#
.#######.# #...._...#
.........###.###.#.##
########.....# #...#
####### #####


There were no monsters in sight!

Vanquished Creatures
  2 adders (D:2)
  A worm (D:2)
  A dart slug (D:2)
  4 bats
  A giant cockroach (D:2)
  3 goblins
  2 hobgoblins (D:1)
  2 jackals (D:2)
  A kobold (D:2)
  A quokka (D:2)
  4 frilled lizards
  2 rats
24 creatures vanquished.

Vanquished Creatures (others)
  2 plants (D:2)
2 creatures vanquished.

Grand Total: 26 creatures vanquished

Notes
Turn   | Place    | Note
-------+----------+-------------------------------------------
     0 | D:1      | jifgo the Deep Dwarf Fighter began the quest for the Orb.
     0 | D:1      | Reached XP level 1. HP: 20/20 MP: 1/1
   443 | D:1      | Reached XP level 2. HP: 25/27 MP: 2/2
  1054 | D:2      | Found a faded altar of an unknown god.
  1125 | D:2      | Reached XP level 3. HP: 27/34 MP: 3/3
  1248 | D:2      | Found a blossoming altar of Fedhas.
  1293 | D:2      | Found a sacrificial altar of Ru.
  1303 | D:2      | Became a worshipper of Ru the Awakened
  1323 | D:2      | Noticed a sky beast
  1351 | D:2      | Slain by a sky beast

Illustrated notes

Levels and vault maps discovered:
D:1:      matt_arrival_spirals, layout_basic
D:2:      layout_basic, lemuel_crystal_altar, fedhas_ov_isle_minmay,
          chequers_ecumenical_altar_simple, grunt_gozag_statues

Skill      XL: |  1  2 |
---------------+-------+-----
Fighting       | 3 |  3.0
Axes           | |  2.7
Throwing       | |  0.8
Armour         | |  3.7
Shields        | |  3.8

Action                   || total
-------------------------++-------
Melee: War axe           ||    68
Throw: Stone             ||    34
Armor: Scale mail        ||    34
Dodge: Dodged            ||    14
Block: Kite shield       ||    22
